 Dungeon Crawl Stone Soup version 0.24-a0-251-g44e327e (webtiles) character file.

Game seed: 5288794101292360613

8444 Borgoz the Swashbuckler (level 11, 0/96 HPs)
             Began as a Kobold Gladiator on Apr 17, 2019.
             Was a Follower of Ashenzari.
             Slain by a gargoyle
             ... wielding a +0 mace
              (16 damage)
             ... on level 11 of the Dungeon.
             The game lasted 00:27:33 (11916 turns).

Borgoz the Swashbuckler (Kobold Gladiator)         Turns: 11916, Time: 00:27:34

Health: 0/96       AC:  3    Str: 23    XL:     11   Next: 55%
Magic:  0/11       EV: 19    Int: 10    God:    Ashenzari [*.....]
Gold:   511        SH:  0    Dex: 14    Spells: 10/10 levels left

rFire    . . .     SeeInvis .   a - +3 dagger (venom)
rCold    . . .     Gourm    .   (shield restricted)
rNeg     . . .     Faith    .   o - +0 ring mail
rPois    .         Spirit   +   v - +1 helmet
rElec    .         Reflect  .   k - +0 cloak
rCorr    .         Harm     .   B - +2 pair of gloves {Str+3}
MR       .....                  (no boots)
Stlth    ..........             t - amulet of guardian spirit
HPRegen  0.26/turn              (no ring)
MPRegen  0.12/turn              (no ring)

@: berserking, corroded, heavily drained, very quick
A: small, repulsion field 2, carnivore, clumsy 1
a: Curse Item, Scrying, Renounce Religion


You were on level 11 of the Dungeon.
You worshipped Ashenzari.
Ashenzari was aware of your devotion.
You were not hungry.

You visited 2 branches of the dungeon, and saw 12 of its levels.

You collected 667 gold pieces.
You spent 156 gold pieces at shops.

Inventory:

Hand Weapons
 a - a +3 dagger of venom (weapon)
 m - a +0 rapier
 N - a cursed +2 vampiric short sword
Missiles
 d - a throwing net (quivered)
Armour
 k - a +0 cloak (worn)
 o - a +0 ring mail (worn)
 v - a +1 helmet (worn)
 A - a +1 chain mail of fire resistance
 B - a +2 pair of gloves of strength (worn)
 D - a +0 troll leather armour
 M - a +1 scale mail of poison resistance
Jewellery
 t - an amulet of guardian spirit (around neck)
 x - an uncursed amulet of magic regeneration
Wands
 b - a wand of polymorph (11)
 c - a wand of random effects (18)
 g - a wand of digging (7)
 z - a wand of paralysis (4)
 I - a wand of acid (6)
Scrolls
 h - a scroll of fear
 i - a scroll of summoning
 j - 2 scrolls of enchant weapon
 n - 5 scrolls of identify
 p - 6 scrolls of remove curse
 q - 4 scrolls of teleportation
 y - 2 scrolls of enchant armour
 C - 4 scrolls of magic mapping
Potions
 e - 3 potions of curing
 r - a potion of resistance
 s - a potion of flight
 u - 2 potions of mutation
 E - a potion of ambrosia
 H - a potion of heal wounds
 J - 2 potions of might
Comestibles
 f - 24 rations


   Skills:
 - Level 5.2(3.8) Fighting
 + Level 18.2(16.3) Short Blades
 - Level 2.1(0.9) Throwing
 - Level 3.4(2.1) Armour
 - Level 6.5(5.1) Dodging
 - Level 5.0(3.6) Stealth


You had 10 spell levels left.
You didn't know any spells.
Your spell library contained the following spells:

 Spells                   Type           Power        Failure   Level  Hunger
 Corona                   Hex            #......      52%         1    ##.....
 Flame Tongue             Conj/Fire      #....        52%         1    ##.....
 Magic Dart               Conj           #...         52%         1    ##.....
 Summon Small Mammal      Summ           #...         52%         1    ##.....
 Blink                    Tloc           N/A          65%         2    ###....
 Call Imp                 Summ           #.......     65%         2    ###....
 Slow                     Hex            #.......     65%         2    ###....
 Throw Flame              Conj/Fire      #.....       65%         2    ###....
 Conjure Flame            Conj/Fire      #.......     87%         3    ####...
 Inner Flame              Hex/Fire       #.......     87%         3    ####...
 Mephitic Cloud           Conj/Pois/Air  #.......     87%         3    ####...
 Portal Projectile        Hex/Tloc       #.....       87%         3    ####...
 Cause Fear               Hex            #.........   99%         4    #####..
 Leda's Liquefaction      Hex/Erth       #.........   99%         4    #####..
 Sticky Flame             Conj/Fire      #.......     99%         4    #####..
 Summon Ice Beast         Ice/Summ       #.......     99%         4    #####..
 Fireball                 Conj/Fire      #.........   100%        5    ######.
 Lee's Rapid Deconstruct  Erth           #.........   100%        5    ######.
 Summon Demon             Summ           #.........   100%        5    ######.
 Summon Mana Viper        Hex/Summ       #.......     100%        5    ######.


Dungeon Overview and Level Annotations

Branches:
Dungeon (11/15)            Temple (1/1) D:7
   Lair: D:8-11         Orc: D:9-12

Altars:
Ashenzari
Cheibriados
Dithmenos
Elyvilon
Fedhas
Gozag
Hepliaklqana
Kikubaaqudgha
Makhleb
Nemelex Xobeh
Okawaru
Qazlal
Ru
Sif Muna
Trog
Uskayaw
Vehumet
Wu Jian
Xom
Yredelemnul
Zin
The Shining One

Shops:
D:5 [   D:8 *   D:11 [

Portals:
Trove: D:10 (give 18 scrolls of identify)

Annotations:
D:10 2 transporters, Wired's ghost, novice MiBe
D:11 Josephine


Innate Abilities, Weirdness & Mutations

You are small and have problems with some larger weapons.
You are carnivorous and can eat meat at any time.
You are surrounded by a moderate repulsion field. (EV +3)
You are clumsy. (Dex -2)


Message History

You hit the brown ugly thing.
The brown ugly thing looks as sick as possible!
The brown ugly thing is severely wounded.
The brown ugly thing gores you!
* * * LOW HITPOINT WARNING * * *
The acid corrodes you!
You are splashed with acid!
* * * LOW HITPOINT WARNING * * *
You puncture the brown ugly thing!
The brown ugly thing is almost dead.
You completely miss the brown ugly thing.
The brown ugly thing is almost dead.
You barely miss the brown ugly thing.
The brown ugly thing is almost dead.
The brown ugly thing barely misses you.
You puncture the brown ugly thing!
You kill the brown ugly thing!
The gargoyle hurls a stone arrow at you.
The stone arrow misses you.
You hit the gargoyle but do no damage. The gargoyle hits you with a +0 mace!!
You die...

#......###..
#)..........
#...........
#...........
#...........
#...........
#...........
#9..........
#@##########
#.##############
#.................
#.................
#.................
#................l
#...<...........
#...............
#..........#####


You could see a gargoyle.

Vanquished Creatures
  2 ugly things
  Maurice (D:8)
  A troll (D:11)
  2 hippogriffs
  Sigmund (D:4)
  A wraith (D:10)
  14 yaks
  A hungry ghost (D:10)
  Menkaure (D:5)
  A water moccasin (D:8)
  A sky beast (D:5)
  2 orc warriors
  2 phantoms
  An ice beast (D:6)
  9 ogres
  2 centaurs
  A big kobold (D:11)
  A gnoll sergeant (D:9)
  4 bullfrogs
  6 scorpions
  A killer bee (D:11)
  A water moccasin skeleton (D:6)
  5 wights (D:10)
  3 howler monkeys
  A centaur zombie (D:8)
  A bullfrog zombie (D:10)
  3 crimson imps
  7 hounds
  4 jellies
  5 orc priests
  6 orc wizards
  Terence (D:3)
  2 iguanas
  11 worker ants
  A hound skeleton (D:10)
  A hound zombie (D:6)
  Robin (D:3)
  10 gnolls
  12 adders
  6 shadow imps
  6 oozes
  2 adder skeletons
  4 worms
  2 dart slugs
  2 leopard geckos
  22 orcs
  4 giant cockroaches
  12 goblins
  9 hobgoblins
  9 jackals
  6 kobolds
  A quokka (D:3)
  2 ball pythons (D:4)
  10 bats
  5 frilled lizards
  10 rats
242 creatures vanquished.

Vanquished Creatures (others)
  A fungus (D:11)
1 creature vanquished.

Grand Total: 243 creatures vanquished

Notes
Turn   | Place    | Note
-------+----------+-------------------------------------------
     0 | D:1      | Borgoz the Kobold Gladiator began the quest for the Orb.
     0 | D:1      | Reached XP level 1. HP: 12/12 MP: 1/1
   205 | D:1      | Reached XP level 2. HP: 16/18 MP: 2/2
   301 | D:1      | Reached skill level 1 in Stealth
   817 | D:2      | Reached XP level 3. HP: 22/22 MP: 3/3
   937 | D:2      | Reached skill level 1 in Armour
   937 | D:2      | Reached XP level 4. HP: 21/27 MP: 4/4
  1341 | D:2      | Found a white marble altar of Elyvilon.
  1431 | D:2      | Reached XP level 5. HP: 32/32 MP: 5/5
  1997 | D:3      | Found a faded altar of an unknown god.
  2008 | D:3      | Reached skill level 5 in Short Blades
  2052 | D:3      | Noticed Robin
  2120 | D:3      | Killed Robin
  2120 | D:3      | Reached XP level 6. HP: 12/37 MP: 6/6
  2366 | D:3      | Noticed Terence
  2379 | D:3      | Killed Terence
  3060 | D:4      | Noticed Sigmund
  3065 | D:4      | Killed Sigmund
  3065 | D:4      | Reached skill level 5 in Dodging
  3065 | D:4      | Reached XP level 7. HP: 42/42 MP: 7/7
  3239 | D:4      | Found a snail-covered altar of Cheibriados.
  3251 | D:4      | Reached skill level 6 in Short Blades
  3424 | D:5      | Entered Level 5 of the Dungeon
  3484 | D:5      | Reached skill level 5 in Stealth
  3505 | D:5      | Reached XP level 8. HP: 38/48 MP: 8/8
  3831 | D:5      | Reached skill level 5 in Fighting
  3875 | D:5      | Reached skill level 7 in Short Blades
  3971 | D:5      | Found Iriuts's Armour Shoppe.
  3974 | D:5      | Bought a +0 pair of gloves of strength for 138 gold pieces
  4061 | D:5      | Noticed Menkaure
  4072 | D:5      | Gained mutation: You are surrounded by a mild repulsion
                  | field. (EV +2) [potion of mutation]
  4072 | D:5      | Gained mutation: You are clumsy. (Dex -2) [potion of
                  | mutation]
  4072 | D:5      | Gained mutation: You are surrounded by a moderate repulsion
                  | field. (EV +3) [potion of mutation]
  4079 | D:5      | Killed Menkaure
  4079 | D:5      | Reached skill level 8 in Short Blades
  4688 | D:6      | Reached XP level 9. HP: 39/54 MP: 5/9
  4706 | D:6      | Reached skill level 9 in Short Blades
  4828 | D:6      | Reached skill level 10 in Short Blades
  5285 | D:7      | Found a staircase to the Ecumenical Temple.
  5411 | D:7      | Reached skill level 11 in Short Blades
  5809 | D:7      | Found a sparkling altar of Nemelex Xobeh.
  5979 | D:8      | Noticed a hippogriff
  6007 | D:8      | Killed a hippogriff
  6007 | D:8      | Reached skill level 12 in Short Blades
  6329 | Temple   | Entered the Ecumenical Temple
  6430 | Temple   | Became a worshipper of Ashenzari the Shackled
  6516 | D:8      | Noticed Maurice
  6555 | D:8      | Killed Maurice
  6555 | D:8      | Reached skill level 13 in Short Blades
  6555 | D:8      | Reached XP level 10. HP: 57/59 MP: 10/10
  6822 | D:8      | Reached skill level 14 in Short Blades
  7046 | D:8      | Found Nuargh's Assorted Antiques.
  7055 | D:8      | Bought a scroll labeled TIK LAIWUPP for 18 gold pieces
  7804 | D:9      | Reached skill level 15 in Short Blades
  7823 | D:9      | Found a basalt altar of Yredelemnul.
  8153 | D:9      | Found an iron altar of Okawaru.
  8509 | D:9      | Found a glowing silver altar of Zin.
  8530 | D:10     | Entered Level 10 of the Dungeon
  8642 | D:10     | Found a transporter.
  8647 | D:10     | Found a portal to a secret trove of treasure.
  8647 | D:10     | Found a transporter.
  8668 | D:10     | Noticed Wired's ghost (novice MiBe)
  8736 | D:10     | Reached * piety under Ashenzari
  8780 | D:10     | Noticed a faun
  8781 | D:10     | Noticed a cyclops
  8781 | D:10     | a faun changed into a cyclops
  8782 | D:10     | Noticed a purple ugly thing
  8783 | D:10     | Noticed a water nymph
  8783 | D:10     | a cyclops changed into a water nymph
  8790 | D:10     | Noticed a torpor snail
  8797 | D:10     | Noticed a water nymph
  8797 | D:10     | a torpor snail changed into a water nymph
  8804 | D:10     | Noticed an eye of devastation
  8804 | D:10     | a water nymph changed into an eye of devastation
  8808 | D:10     | an eye of devastation changed into a dream sheep
  8810 | D:10     | Killed a purple ugly thing
  8812 | D:10     | Noticed a guardian serpent
  8812 | D:10     | a dream sheep changed into a guardian serpent
  8816 | D:10     | a guardian serpent changed into a meliai
  8818 | D:10     | Reached skill level 16 in Short Blades
  8829 | D:10     | Noticed a black mamba
  8829 | D:10     | a queen bee changed into a black mamba
  8831 | D:10     | a black mamba changed into a tarantella
  8833 | D:10     | Noticed a spiny frog
  8833 | D:10     | a tarantella changed into a spiny frog
  8834 | D:10     | a spiny frog changed into a black bear
  8843 | D:10     | Noticed an orb spider
  8843 | D:10     | a black bear changed into an orb spider
  8846 | D:10     | Noticed a harpy
  8846 | D:10     | an orb spider changed into a harpy
  8854 | D:10     | a harpy changed into a spriggan
  8856 | D:10     | Noticed a salamander
  8856 | D:10     | a spriggan changed into a salamander
  8859 | D:10     | Noticed an orb spider
  8859 | D:10     | a salamander changed into an orb spider
  8866 | D:10     | Noticed a black mamba
  8866 | D:10     | an orb spider changed into a black mamba
  8888 | D:10     | a black mamba changed into a human
  9151 | D:10     | Reached XP level 11. HP: 49/64 MP: 8/11
  9411 | D:10     | Noticed a mana viper
  9411 | D:10     | a wind drake changed into a mana viper
  9412 | D:10     | a mana viper changed into a dream sheep
 10462 | D:10     | Reached skill level 17 in Short Blades
 10959 | D:11     | Identified the Compendium of Dusty Slavery
 11021 | D:11     | Noticed a brown ugly thing
 11416 | D:11     | Found Xeydoal's Antique Armour Boutique.
 11499 | D:11     | Noticed Josephine
 11691 | D:10     | Reached skill level 18 in Short Blades
 11914 | D:11     | Killed a brown ugly thing
 11916 | D:11     | Slain by a gargoyle

Levels and vault maps discovered:
D:1:      minmay_arrival_semitransparent, layout_loops_corners
D:2:      layout_basic, old_standard_altar, minmay_pentomino_u2
D:3:      layout_rooms, chequers_ecumenical_altar_simple, interstate_on_off,
          kennysheep_potato, uniq_terence, uniq_robin
D:4:      layout_loops_ring, lemuel_coloured_pillars_altar, first_ration,
          uniq_sigmund
D:5:      layout_basic, serial_shops, nicolae_shop_behind_doors,
          serial_bayou_ford_a, uniq_menkaure
D:6:      layout_loops_ring, minmay_checkerbox
D:7:      layout_gridville, minmay_temple_entry_stoned_glass,
          nemelex_dance_club_becter
D:8:      layout_loops_ring, serial_shops, shop, uniq_maurice
D:9:      layout_basic, kennysheep_little_box, kennysheep_mini, basic_altar,
          nrook_campfire
D:10:     layout_irregular_city, nicolae_trove_entry_free_sample,
          gammafunk_ghost_arena, hangedman_little_slice_of_home
D:11:     layout_long_grid, david_lair_generic, serial_shops,
          nicolae_shop_stone, st_stairs_1, kennysheep_small_spiral,
          uniq_josephine
Temple:   compressed_dpeg_circular_temple

Skill      XL: |  1  2  3  4  5  6  7  8  9 10 11 |
---------------+----------------------------------+-----
Stealth        | 1 2 3 4 5 |  5.0
Dodging        | 4 5 6 |  6.5
Armour         | 1 2 3 |  3.4
Fighting       | 3 4 5 |  5.2
Short Blades   | 5 6 8 13 16 18 | 18.2
Throwing       | |  2.1

Action                   |  1- 3 |  4- 6 |  7- 9 | 10-12 || total
-------------------------+-------+-------+-------+-------++-------
Melee: Rapier            |    44 |       |       |       ||    44
       Dagger            |    22 |   204 |   366 |   760 ||  1352
       Unarmed           |       |       |     2 |       ||     2
Throw: Throwing net      |       |       |     4 |     2 ||     6
Evoke: Wand              |       |       |       |     7 ||     7
  Use: Potion            |       |       |     8 |     8 ||    16
       Scroll            |       |       |     1 |    20 ||    21
 Stab: Sleeping          |     1 |     5 |    11 |     1 ||    18
       Held in net/web   |       |       |     1 |     2 ||     3
       Distracted        |       |       |       |     1 ||     1
  Eat: Chunk             |     2 |    12 |    11 |    24 ||    49
Armor: Leather armour    |     9 |       |       |       ||     9
       Ring mail         |     2 |    33 |    45 |   117 ||   197
       Skin              |       |       |     1 |       ||     1
Dodge: Dodged            |    62 |   108 |   175 |   381 ||   726

Table legend:
 A = Non-vault XP
 B = Vault XP
 C = Vault XP percentage of total XP
 D = Non-vault monster count
 E = Vault monster count
 F = Vault count percentage of total count
                 A         B        C        D         E       F
            +---------+---------+-------+---------+---------+-------
      Total |   10413 |    1651 |  13.7 |     206 |      36 |  14.9
            +---------+---------+-------+---------+---------+-------
        D:1 |      42 |       0 |   0.0 |      19 |       0 |   0.0
        D:2 |     134 |       7 |   5.0 |      22 |       2 |   8.3
        D:3 |      82 |      79 |  49.1 |      18 |      16 |  47.1
        D:4 |     300 |     220 |  42.3 |      14 |       1 |   6.7
        D:5 |     931 |     175 |  15.8 |      16 |       1 |   5.9
        D:6 |     682 |      42 |   5.8 |      14 |       2 |  12.5
        D:7 |     466 |     132 |  22.1 |       8 |       2 |  20.0
        D:8 |    1969 |     449 |  18.6 |      18 |       1 |   5.3
        D:9 |     645 |       0 |   0.0 |      25 |       0 |   0.0
       D:10 |    4217 |     382 |   8.3 |      47 |       9 |  16.1
       D:11 |     945 |     165 |  14.9 |       5 |       2 |  28.6
            +---------+---------+-------+---------+---------+-------
